 Dungeon Crawl Stone Soup version 0.22-a0-247-gbddf880 (webtiles) character file.

1959 Amnesiac the Prestidigitator (level 9, -3/69 HPs)
             Began as a Deep Elf Artificer on Feb 25, 2018.
             Was an Initiate of Gozag.
             Slain by a killer bee (5 damage)
             ... on level 7 of the Dungeon.
             The game lasted 00:30:48 (7976 turns).

Amnesiac the Prestidigitator (Deep Elf Artificer)   Turns: 7976, Time: 00:30:48

Health: -3/69      AC:  9    Str: 17    XL:     9   Next: 0%
Magic:  20/20      EV: 11    Int: 17    God:    Gozag
Gold:   1065       SH:  3    Dex: 15    Spells: 8/8 levels left

rFire    . . .     SeeInvis .   b - staff of earth
rCold    . . .     Gourm    .   e - +0 buckler
rNeg     . . .     Faith    .   i - +0 ring mail
rPois    +         Spirit   .   (no helmet)
rElec    .         Reflect  .   o - +0 cloak
rCorr    .         Harm     .   (no gloves)
MR       .....                  (no boots)
Stlth    ..........             m - amulet of rage
HPRegen  0.21/turn              r - ring of poison resistance
MPRegen  0.17/turn              q - +3 ring of protection

@: berserking (expiring), gold aura, very quick
A: no striking features
a: Potion Petition, Call Merchant, Bribe Branch, Renounce Religion, Evoke
Berserk Rage


You were on level 7 of the Dungeon.
You worshipped Gozag.
Gozag was most pleased with you.
You were not hungry.

You visited 2 branches of the dungeon, and saw 9 of its levels.

You collected 1121 gold pieces.
You paid 56 gold pieces to Gozag.

Inventory:

Hand Weapons
 a - a +0 hunting sling
 u - a +0 short sword
 w - a +0 flail of crushing
Missiles
 g - 271 stones (quivered)
 h - 19 poisoned needles
 t - 22 sling bullets
Armour
 e - a +0 buckler (worn)
 i - a +0 ring mail (worn)
 o - a +0 cloak (worn)
Magical Staves
 b - an uncursed staff of earth (weapon)
Jewellery
 m - an amulet of rage (around neck)
 p - an uncursed amulet of harm
 q - a +3 ring of protection (right hand)
 r - a ring of poison resistance (left hand)
Wands
 d - a wand of enslavement (3)
 x - a wand of scattershot (4)
Scrolls
 c - 2 scrolls of magic mapping {!r}
 j - a scroll of enchant weapon {!r}
 k - 3 scrolls of remove curse {!r}
 s - 3 scrolls of identify {!r}
 v - a scroll of teleportation {!r}
Potions
 l - a potion of curing {!q}
 n - a potion of might {!q, unknown}
 z - 2 potions of magic {!q, unknown}
Comestibles
 f - 6 rations


   Skills:
 - Level 0.7 Fighting
 - Level 1.0 Short Blades
 - Level 2.4 Dodging
 - Level 1.2 Stealth
 + Level 12.8 Evocations


You had 8 spell levels left.
You didn't know any spells.

Dungeon Overview and Level Annotations

Branches:
Dungeon (8/15)             Temple (1/1) D:4
   Lair: D:8-11

Altars:
Ashenzari
Cheibriados
Dithmenos
Elyvilon
Fedhas
Gozag
Hepliaklqana
Kikubaaqudgha
Makhleb
Okawaru
Sif Muna
Uskayaw
Wu Jian
Zin
The Shining One

Shops:
D:5 }

Annotations:
D:6 Prince Ribbit
D:7 Phong's ghost, novice OpIE


Message History

You hear an angry buzzing noise.
Menkaure hits you.
You hit Menkaure!
Menkaure is heavily damaged.
Menkaure calls on the powers of darkness!
The killer bee convulses!
Your body is wracked with pain!
* * * LOW HITPOINT WARNING * * *
You barely miss Menkaure.
Menkaure is heavily damaged.
You block Menkaure's attack.
You hit Menkaure. You crush Menkaure!
Menkaure is almost destroyed.
The killer bee misses you.
The killer bee stings you but does no damage.
You hit Menkaure!
You destroy Menkaure!
You have reached level 9!
Your experience leads to an increase in your attributes!
Your base attributes are Str 11, Int 17, Dex 15.
Increase (S)trength, (I)ntelligence, or (D)exterity?
You feel stronger. The killer bee barely misses you.
The giant cockroach barely misses you.
A killer bee comes into view.
You are too berserk!
You closely miss the killer bee.
The killer bee is moderately wounded.
The killer bee buzzes angrily.
The killer bee stings you.
* * * LOW HITPOINT WARNING * * *
The giant cockroach bites you.
* * * LOW HITPOINT WARNING * * *
The killer bee stings you.
* * * LOW HITPOINT WARNING * * *
A killer bee comes into view.
You miss the killer bee.
The killer bee is moderately wounded.
The killer bee buzzes angrily.
The killer bee stings you.
* * * LOW HITPOINT WARNING * * *
You block the giant cockroach's attack.
Your shield and ring mail prevent you from hitting the giant cockroach.
The killer bee stings you!
* * * LOW HITPOINT WARNING * * *
The killer bee stings you but does no damage.
The giant cockroach barely misses you.
You hit the killer bee.
The killer bee is lightly wounded.
The killer bee is distracted by the nearby gold.
The killer bee closely misses you. The giant cockroach barely misses you.
You block the killer bee's attack.
The killer bee buzzes angrily.
You hit the killer bee!
The killer bee is heavily wounded.
The killer bee stings you.
* * * LOW HITPOINT WARNING * * *
The killer bee barely misses you.
The giant cockroach bites you but does no damage.
The killer bee stings you.
* * * LOW HITPOINT WARNING * * *
You closely miss the killer bee.
The killer bee is heavily wounded.
The killer bee stings you.
You die...
Your body crumbles into a pile of gold.

...##.# #.##.#.#
##.##.# #......
..?.#. ###...#
...... #...#
.....! #(..#
....## #...# #
..#.# #...# .. ##
..#.#
####..s######.# #.
. ..
......yy@......#.#
..##. .. ..
.......yy$.......#
...... #.# ##
...............###
..###. .#
###.#...#.####.#
#. . . #.#...#?#
.. ## # #...#.# ..
#...#.# #...... ..


You could see 4 killer bees and a giant cockroach.

Vanquished Creatures
  Grinder (D:3)
  Menkaure (D:7)
  An ice beast (D:5)
  A phantom (Temple)
  2 ogres
  2 bullfrogs (D:8)
  A scorpion (D:8)
  A water moccasin skeleton (D:5)
  The ghost of Amnesiac the Charlatan, a weakling DEAr (D:3)
  2 bullfrog zombies
  A crimson imp (D:5)
  A hound (D:6)
  A jelly (D:5)
  3 orc wizards
  3 orc priests
  2 iguanas
  Natasha (twice) (D:3)
  3 worker ants
  A hound zombie (D:5)
  A worker ant zombie (D:5)
  5 adders
  8 gnolls
  A shadow imp (D:5)
  An adder zombie (D:8)
  2 worms
  2 dart slugs
  4 leopard geckos
  18 orcs
  2 ball pythons
  4 bats
  3 giant cockroaches
  3 goblins
  10 hobgoblins
  6 jackals
  5 quokkas
  4 frilled lizards
  10 kobolds
  A leopard gecko skeleton (D:4)
  6 rats
126 creatures vanquished.

Vanquished Creatures (collateral kills)
  An ogre (D:6)
  Edmund (D:6)
  A black bear (D:7)
  A centaur (D:6)
  A killer bee (D:7)
  An orc priest (D:6)
  An iguana (D:5)
  A worker ant (D:6)
  3 orc wizards (D:6)
  A hound skeleton (D:6)
  A dart slug (D:3)
  5 orcs
  2 giant cockroaches
  A goblin (D:3)
  A kobold (D:3)
  A rat (D:3)
23 creatures vanquished.

Vanquished Creatures (others)
  A centaur (D:6)
  Natasha (D:3)
  A gnoll (D:3)
3 creatures vanquished.

Grand Total: 152 creatures vanquished

Notes
Turn   | Place    | Note
-------+----------+-------------------------------------------
     0 | D:1      | Amnesiac the Deep Elf Artificer began the quest for the Orb.
     0 | D:1      | Reached XP level 1. HP: 11/11 MP: 5/5
    98 | D:3      | Noticed Natasha
    98 | D:3      | Noticed Grinder
   112 | D:3      | Your ally died
   116 | D:3      | Reached skill level 4 in Evocations
   116 | D:3      | Reached XP level 2. HP: 5/16 MP: 7/7
   142 | D:3      | Paralysed by something for 5 turns
   198 | D:3      | Killed Grinder
   198 | D:3      | Reached skill level 6 in Evocations
   198 | D:3      | Reached XP level 3. HP: 5/20 MP: 7/9
   198 | D:3      | Reached XP level 4. HP: 6/24 MP: 8/11
   198 | D:3      | Reached XP level 5. HP: 7/28 MP: 8/12
   400 | D:3      | Noticed Amnesiac's ghost (weakling DEAr)
   406 | D:3      | Killed Amnesiac's ghost
   406 | D:3      | Reached skill level 7 in Evocations
   482 | D:3      | Noticed Natasha
   667 | D:3      | Found a shattered altar of Ashenzari.
   789 | D:3      | Reached XP level 6. HP: 33/33 MP: 13/13
   842 | D:4      | Found a staircase to the Ecumenical Temple.
   850 | Temple   | Entered the Ecumenical Temple
  1343 | Temple   | Became a worshipper of Gozag Ym Sagoz the Greedy
  1355 | Temple   | Reached skill level 8 in Evocations
  2853 | D:3      | Found a glowing golden altar of the Shining One.
  2946 | D:3      | Killed Natasha
  2963 | D:3      | Found a faded altar of an unknown god.
  3256 | D:3      | Reached XP level 7. HP: 34/37 MP: 15/15
  3390 | D:4      | Reached skill level 9 in Evocations
  3744 | D:3      | Noticed Natasha
  3756 | D:3      | Killed Natasha
  4308 | D:4      | Found a snail-covered altar of Cheibriados.
  4620 | D:5      | Entered Level 5 of the Dungeon
  4795 | D:5      | Reached skill level 10 in Evocations
  5762 | D:5      | Reached XP level 8. HP: 42/42 MP: 17/17
  5779 | D:5      | Found an ornate altar of the Wu Jian Council.
  6277 | D:5      | Found Beebuun's Gadget Shop.
  6350 | D:6      | Noticed Prince Ribbit
  6568 | D:6      | Noticed Edmund
  6586 | D:6      | Reached skill level 11 in Evocations
  6609 | D:6      | Killed Edmund
  7369 | D:7      | Noticed a hippogriff
  7377 | D:7      | Reached skill level 12 in Evocations
  7402 | D:7      | Noticed a hippogriff
  7598 | D:7      | Noticed Phong's ghost (novice OpIE)
  7791 | D:7      | Noticed Menkaure
  7862 | D:8      | Noticed a hippogriff
  7970 | D:7      | Killed Menkaure
  7970 | D:7      | Reached XP level 9. HP: 26/46 MP: 20/20
  7975 | D:7      | HP: 2/69 [killer bee (4)]
  7976 | D:7      | Slain by a killer bee

Vault maps used:
D:1:      moated_graveyard_arrival
D:3:      lemuel_crystal_altar, lemuel_coloured_pillars_altar,
          chequers_ecumenical_altar_island, first_ration, bh_chokoban,
          uniq_natasha, uniq_grinder
D:4:      lemuel_doored_altar, minmay_temple_entry_mist,
          kennysheep_cross_bottleneck
D:5:      nicolae_overflow_crystal_walls, serial_shops, shop,
          grunt_ministairs_15
D:6:      chequers_temple_overflow_minitemple, serial_shops,
          kennysheep_little_box, uniq_edmund, uniq_prince_ribbit1
D:7:      minmay_misc_feat_chi, uniq_menkaure
D:8:      grunt_lair_entry_orc_guard_hut
Temple:   minmay_temple_curvy_branch

Skill      XL: |  1  2  3  4  5  6  7  8 |
---------------+-------------------------+-----
Evocations     | 4 6 7 8 10 12 | 12.8
Fighting       | |  0.7
Short Blades   | |  1.0
Dodging        | |  2.4
Stealth        | |  1.2

Action                   |  1- 3 |  4- 6 |  7- 9 || total
-------------------------+-------+-------+-------++-------
Melee: Short sword       |    33 |    55 |       ||    88
       Staff             |       |   157 |   422 ||   579
 Fire: Hunting sling     |       |    26 |    85 ||   111
 Abil: Evoke Berserk Rag |       |       |     7 ||     7
Evoke: Wand              |    11 |    25 |    15 ||    51
  Use: Scroll            |     2 |     8 |     4 ||    14
       Potion            |       |     1 |     1 ||     2
 Stab: Paralysed         |     6 |       |       ||     6
       Sleeping          |       |     1 |       ||     1
       Distracted        |       |     2 |       ||     2
  Eat: Ration            |       |     3 |     6 ||     9
Armor: Leather armour    |     9 |     6 |       ||    15
       Ring mail         |       |   138 |   215 ||   353
Dodge: Dodged            |    18 |   107 |   260 ||   385
Block: Buckler           |       |    29 |    71 ||   100

Table legend:
 A = Spawn XP
 B = Non-spawn XP
 C = Spawn XP percentage of total XP
 D = Spawn monster count
 E = Non-spawn monster count
 F = Spawn count percentage of total count
 G = Total turns spent on level
                    A         B        C        D         E        F      G
               +---------+---------+-------+---------+---------+-------+---------
         Total |       0 |    2799 |   0.0 |       0 |     149 |   0.0 |  7976
               +---------+---------+-------+---------+---------+-------+---------
           D:1 |       0 |      42 |   0.0 |       0 |      20 |   0.0 |   813
           D:2 |       0 |      74 |   0.0 |       0 |      19 |   0.0 |   686
           D:3 |       0 |     505 |   0.0 |       0 |      24 |   0.0 |  1539
           D:4 |       0 |     337 |   0.0 |       0 |      18 |   0.0 |  1704
           D:5 |       0 |     461 |   0.0 |       0 |      27 |   0.0 |  1299
           D:6 |       0 |     572 |   0.0 |       0 |      28 |   0.0 |   923
           D:7 |       0 |     395 |   0.0 |       0 |       6 |   0.0 |   306
           D:8 |       0 |     252 |   0.0 |       0 |       4 |   0.0 |   252
        Temple |       0 |     161 |   0.0 |       0 |       3 |   0.0 |   454
               +---------+---------+-------+---------+---------+-------+---------
